 Dungeon Crawl Stone Soup version 0.20-a0-993-gba41c3c (webtiles) character file.

16470 AlphabetPasta the Basher (level 12, -2/95 HPs)
             Began as a Bultungin Fighter on Apr 10, 2017.
             Was a High Priest of Okawaru.
             Slain by a freezing wraith (3 damage)
             ... on level 12 of the Dungeon on Apr 11, 2017.
             The game lasted 01:05:51 (12110 turns).

AlphabetPasta the Basher (Bultungin Fighter)       Turns: 12110, Time: 01:05:51

Health: -2/95      AC: 13    Str: 17    XL:     12   Next: 37%
Magic:  18/18      EV: 12    Int:  9    God:    Okawaru [*****.]
Gold:   616        SH:  7    Dex: 16    Spells: 11/11 levels left

rFire    + . .     SeeInvis +   a - +1 broad axe (chop)
rCold    + . .     Gourm    .   j - +0 buckler
rNeg     + . .     Faith    .   o - +1 chain mail
rPois    .         Spirit   .   (no helmet)
rElec    .         Reflect  .   N - scarf {rC+ rF+}
rCorr    +         Harm     .   (no gloves)
MR       .....                  L - +0 pair of boots
Stlth    ..........             H - amulet of rage
Regen    0.3/turn               I - ring of positive energy
MPRegen  0.2/turn               Q - ring of resist corrosion

@: slowed, very slow
A: short attention span, fangs 1, see invisible, strong nose
a: Heroism, Finesse, Renounce Religion, Evoke Berserk Rage


You were on level 12 of the Dungeon.
You worshipped Okawaru.
Okawaru was extremely pleased with you.
You were hungry.

You visited 2 branches of the dungeon, and saw 13 of its levels.

You collected 616 gold pieces.

Inventory:

Hand Weapons
 a - a +1 broad axe of chopping (weapon)
 b - a +0 blowgun
 s - a +0 morningstar
 w - a +0 falchion
 E - the +2 hand axe "Aubergine" {pain, Str+6 Int+4 Dex-3}
   (You found it on level 6 of the Dungeon)

   In the hands of one skilled in necromantic magic, it inflicts extra damage on
   living creatures.
   It affects your strength (+6).
   It affects your intelligence (+4).
   It affects your dexterity (-3).
 J - the +5 quarterstaff of Mikaast {speed, rC+ SInv, unknown}
   (You took it off a kobold on level 7 of the Dungeon)

   Attacks with this weapon are significantly faster.
   It protects you from cold.
   It lets you see invisible.
 M - a +0 hunting sling
 O - a +1 flail
 P - a +2 rapier of draining
 S - a +4 halberd
Missiles
 q - a throwing net
 A - 45 poisoned needles
 U - 8 tomahawks (quivered)
Armour
 c - a +0 shield
 j - a +0 buckler (worn)
 o - a +1 chain mail (worn)
 L - a +0 pair of boots (worn)
 N - a scarf of resistance (worn)
Jewellery
 e - an uncursed ring of ice
 G - an uncursed ring of flight
 H - an amulet of rage (around neck)
 I - a ring of positive energy (left hand)
 Q - a ring of resist corrosion (right hand)
Wands
 d - a wand of confusion (0/48)
 h - a wand of paralysis (11/24)
 r - a wand of random effects (14/48)
 x - a wand of iceblast (1/15)
 R - a wand of random effects (26/48)
Scrolls
 k - 6 scrolls of enchant weapon
 p - a scroll of fog
 t - a scroll of remove curse
 v - 4 scrolls of teleportation
 z - 2 scrolls of magic mapping
 C - 2 scrolls of fear
 F - a scroll of blinking
 T - 4 scrolls of identify
Potions
 i - 3 potions of flight
 l - a potion of magic
 m - 3 potions of haste
 u - a potion of resistance
 B - a potion of brilliance
 K - 2 potions of curing
Miscellaneous
 y - a fan of gales
Comestibles
 f - 8 bread rations
 g - 8 meat rations
 n - 8 royal jellies


   Skills:
 + Level 9.1 Fighting
 - Level 7.0(9.0) Axes
 + Level 9.7(10.1) Maces & Flails
 + Level 3.3(8.0) Staves
 + Level 3.5(6.5) Slings
 - Level 8.1(8.3) Throwing
 + Level 9.3 Armour
 + Level 8.9 Dodging
 + Level 9.3 Shields
 + Level 7.3 Invocations
 + Level 8.1 Evocations


You had 11 spell levels left.
You didn't know any spells.

Dungeon Overview and Level Annotations

Branches:
Dungeon (12/15)            Temple (1/1) D:7            Lair (0/6) D:8
    Orc (0/2) D:10

Altars:
Ashenzari
Cheibriados
Dithmenos
Elyvilon
Fedhas
Gozag
Hepliaklqana
Kikubaaqudgha
Makhleb
Nemelex Xobeh
Okawaru
Qazlal
Ru
Sif Muna
Trog
Uskayaw
Vehumet
Wu Jian
Xom
Yredelemnul
Zin
The Shining One

Shops:
D:5 }


Innate Abilities, Weirdness & Mutations

You have a short attention span.
You have very sharp teeth.
You have supernaturally acute eyesight. (SInv)
Your uncanny sense of smell can sniff out nearby items.


Message History

You closely miss the freezing wraith.
The freezing wraith is almost destroyed.
The freezing wraith completely misses you.
You block the freezing wraith's attack. The freezing wraith hits you!
* * * LOW HITPOINT WARNING * * *
The freezing wraith freezes you! You resist.
* * * LOW HITPOINT WARNING * * *
The freezing wraith hits you.
* * * LOW HITPOINT WARNING * * *
The freezing wraith drains your vigour!
You feel as though you will be slow longer.
You hit the freezing wraith but do no damage.
You bite the freezing wraith, but do no damage.
The freezing wraith is almost destroyed.
The freezing wraith hits you.
* * * LOW HITPOINT WARNING * * *
The freezing wraith freezes you. You resist.
* * * LOW HITPOINT WARNING * * *
The freezing wraith hits you.
You die...

................#
.......<>.......#
................#
................#
................#
<...............#
................########
.................W......
................@!.....$
..################..####
..# .# ..# # ..# ∆ ∆


You could see a freezing wraith.

Vanquished Creatures
  A centaur warrior (D:9)
  5 two-headed ogres
  A manticore (D:11)
  An elephant (D:8)
  3 trolls (D:11)
  Grinder (D:6)
  7 slime creatures (D:12)
  A hippogriff (D:8)
  A vampire (D:12)
  A wraith (D:11)
  4 hogs (D:7)
  15 yaks
  2 hungry ghosts (D:10)
  A human (D:7)
  Grum (D:8)
  A water moccasin (D:10)
  An acid dragon (D:11)
  A soldier ant (D:12)
  A black bear (D:7)
  3 sky beasts
  A hornet zombie (D:10)
  2 orc warriors
  4 ice beasts
  6 phantoms
  14 centaurs
  2 wolves
  6 ogres
  A crocodile (D:8)
  2 big kobolds
  5 bullfrogs
  2 scorpions
  A troll zombie (D:10)
  A killer bee (D:11)
  4 wights (D:10)
  2 howler monkeys
  4 crimson imps
  2 jellies
  8 hounds
  A quasit (D:11)
  A centaur zombie (D:11)
  2 orc priests
  A centaur skeleton (D:9)
  A gnoll shaman (D:4)
  4 orc wizards
  A bullfrog skeleton (D:5)
  8 worker ants
  3 iguanas
  7 ogre zombies (D:10)
  2 hound skeletons
  5 gnolls (D:5)
  A worker ant zombie (D:5)
  13 adders
  4 shadow imps
  An ooze (D:3)
  2 adder skeletons (D:5)
  2 dart slugs
  A worm (D:4)
  3 leopard geckos
  32 orcs
  5 bats
  4 giant cockroaches
  12 goblins
  7 hobgoblins
  16 jackals
  9 kobolds
  7 quokkas
  2 ball pythons
  5 frilled lizards
  A giant cockroach zombie (D:5)
  2 goblin skeletons (D:10)
  2 goblin zombies (D:10)
  A hobgoblin skeleton (D:10)
  A hobgoblin zombie (D:10)
  A jackal zombie (D:5)
  A leopard gecko zombie (D:7)
  2 orc skeletons (D:10)
  17 orc zombies (D:10)
  A quokka skeleton (D:4)
  7 rats
317 creatures vanquished.

Notes
Turn   | Place    | Note
-------+----------+-------------------------------------------
     0 | D:1      | AlphabetPasta the Bultungin Fighter began the quest for the Orb.
     0 | D:1      | Reached XP level 1. HP: 20/20 MP: 1/1
    86 | D:1      | Found a sparkling altar of Nemelex Xobeh.
   203 | D:1      | Reached XP level 2. HP: 21/26 MP: 2/2
   537 | D:1      | Reached skill level 1 in Dodging
   740 | D:1      | Reached XP level 3. HP: 29/31 MP: 3/3
   869 | D:2      | Reached skill level 5 in Shields
  1276 | D:2      | Reached XP level 4. HP: 38/38 MP: 4/4
  1377 | D:2      | Found a hide-covered altar of Uskayaw.
  1434 | D:2      | Upgraded the game from 0.20-a0-991-g93344ec to 0.20-a0-993-gba41c3c
  1523 | D:3      | Reached skill level 5 in Armour
  1884 | D:4      | Reached skill level 5 in Fighting
  1892 | D:4      | Got a bloodstained leather armour
  1903 | D:4      | Identified the +2 leather armour of Greater Demons {Int+3} (You found it on level 4 of the Dungeon)
  1933 | D:4      | Reached skill level 1 in Throwing
  1933 | D:4      | Reached XP level 5. HP: 44/44 MP: 5/5
  1983 | D:4      | Reached skill level 5 in Maces & Flails
  2022 | D:4      | Reached XP level 6. HP: 39/51 MP: 6/6
  2763 | D:5      | Entered Level 5 of the Dungeon
  2844 | D:5      | Found a shattered altar of Ashenzari.
  2862 | D:4      | Reached XP level 7. HP: 34/57 MP: 7/7
  3063 | D:5      | Found Ihoil's Gadget Shoppe.
  3703 | D:5      | Reached XP level 8. HP: 58/64 MP: 8/8
  4025 | D:5      | Reached skill level 5 in Dodging
  4025 | D:5      | Reached skill level 1 in Evocations
  4036 | D:5      | Reached skill level 5 in Throwing
  4760 | D:6      | Noticed Grinder
  4780 | D:6      | Killed Grinder
  4780 | D:6      | Reached XP level 9. HP: 72/72 MP: 10/10
  4790 | D:6      | Got a shimmering hand axe
  5276 | D:7      | Reached skill level 1 in Axes
  5480 | D:7      | Found an ancient bone altar of Kikubaaqudgha.
  5585 | D:7      | Found a staircase to the Ecumenical Temple.
  5598 | Temple   | Entered the Ecumenical Temple
  5618 | Temple   | Became a worshipper of Warmaster Okawaru
  5695 | D:7      | Got an ichor-stained quarterstaff {speed}
  6162 | D:7      | Reached skill level 1 in Invocations
  6168 | D:7      | Reached * piety under Okawaru
  6198 | D:7      | Identified the +2 hand axe "Aubergine" {pain, Str+6 Int+4 Dex-3} (You found it on level 6 of the Dungeon)
  6427 | D:8      | Noticed Grum
  6579 | D:8      | Found a staircase to the Lair.
  6581 | D:8      | Noticed an elephant
  6629 | D:8      | Reached ** piety under Okawaru
  6629 | D:8      | Reached XP level 10. HP: 61/80 MP: 13/13
  6878 | D:8      | Killed an elephant
  6878 | D:8      | Reached skill level 5 in Evocations
  7083 | D:8      | Noticed a two-headed ogre
  7091 | D:8      | Killed a two-headed ogre
  7366 | D:9      | Noticed a two-headed ogre
  7380 | D:9      | Killed a two-headed ogre
  7514 | D:9      | Reached *** piety under Okawaru
  7519 | D:9      | Reached skill level 5 in Axes
  7813 | D:9      | Noticed a two-headed ogre
  7824 | D:9      | Killed a two-headed ogre
  7824 | D:9      | Reached **** piety under Okawaru
  7824 | D:9      | Reached skill level 5 in Invocations
  7824 | D:9      | Reached XP level 11. HP: 66/87 MP: 13/16
  8002 | D:9      | Noticed a centaur warrior
  8011 | D:9      | Killed a centaur warrior
  8116 | D:9      | Noticed a two-headed ogre
  8123 | D:9      | Killed a two-headed ogre
  8236 | D:10     | Entered Level 10 of the Dungeon
  8592 | D:10     | Found a staircase to the Orcish Mines.
  8897 | D:10     | Received a gift from Okawaru
  9135 | D:8      | Killed Grum
  9199 | D:10     | Reached skill level 1 in Slings
 10284 | D:10     | Reached ***** piety under Okawaru
 10586 | D:11     | Received a gift from Okawaru
 10803 | D:11     | Reached skill level 1 in Staves
 10852 | D:11     | Noticed a two-headed ogre
 10865 | D:11     | Killed a two-headed ogre
 10865 | D:11     | Reached XP level 12. HP: 40/95 MP: 14/17
 11092 | D:11     | HP: 2/95 [orc warrior/glaive (23)]
 12110 | D:12     | HP: 1/95 [freezing wraith (4)]
 12110 | D:12     | Slain by a freezing wraith

Vault maps used:
D:1:      lemuel_arrival_river_passageway, nemelex_xobeh_ov_fountains_minmay
D:2:      lemuel_doored_altar, first_bread
D:4:      corner_web_ring, kennysheep_generic_room_13
D:5:      kennysheep_windowed_halls, serial_shops, kennysheep_mini,
          minmay_misc_feat_four_crosses, ashenzari_altar_1
D:6:      uniq_grinder
D:7:      black_bear_nest_1, minmay_temple_entry_large_hall, basic_altar,
          grunt_livestock, kennysheep_generic_room_15
D:8:      david_lair_generic, uniq_grum
D:9:      kennysheep_generic_room_5
D:10:     zombieorc2_lemuel, kennysheep_nub, kennysheep_generic_room_6
D:11:     corexii_corridor_pit
D:12:     uniq_josephine
Temple:   compressed_dpeg_circular_temple

Skill      XL: |  1  2  3  4  5  6  7  8  9 10 11 12 |
---------------+-------------------------------------+-----
Dodging        | 1 2 3 4 5 6 7 8 |  8.9
Maces & Flails | 4 5 6 7 8 9 |  9.7
Shields        | 5 6 7 8 9 |  9.3
Armour         | 5 6 7 8 9 |  9.3
Fighting       | 5 6 7 8 9 |  9.1
Throwing       | 1 2 4 5 6 7 8 |  8.1
Evocations     | 2 4 6 7 8 |  8.1
Axes           | 3 5 7 |  7.0
Invocations    | 3 5 6 7 |  7.3
Slings         | 2 3 |  3.5
Staves         | 1 3 |  3.3

Action                   |  1- 3 |  4- 6 |  7- 9 | 10-12 || total
-------------------------+-------+-------+-------+-------++-------
Melee: Flail             |   140 |   160 |   401 |    26 ||   727
       Bite              |    12 |    15 |    50 |    69 ||   146
       Morningstar       |       |       |       |   460 ||   460
       Hand axe          |       |       |       |    11 ||    11
       Broad axe         |       |       |       |    88 ||    88
 Fire: Blowgun           |       |       |       |    22 ||    22
Throw: Tomahawk          |       |       |    14 |    78 ||    92
Invok: Heroism           |       |       |       |    13 ||    13
Evoke: Wand              |       |       |     4 |       ||     4
  Use: Scroll            |     7 |     7 |     8 |     5 ||    27
       Potion            |       |     1 |     1 |     6 ||     8
 Stab: Distracted        |       |       |     1 |       ||     1
       Confused          |       |       |     1 |       ||     1
  Eat: Chunk             |     1 |     6 |    10 |    15 ||    32
       Fruit             |       |       |     3 |       ||     3
       Royal jelly       |       |       |       |     2 ||     2
Armor: Scale mail        |    44 |    12 |    45 |    11 ||   112
       Chain mail        |       |    43 |    88 |   249 ||   380
Dodge: Dodged            |    47 |    53 |   173 |   420 ||   693
Block: Shield            |    68 |       |       |       ||    68
       Buckler           |     1 |    26 |    99 |   220 ||   346
